 Dungeon Crawl Stone Soup version 0.28-a0-381-g937acc2988 (webtiles) character file.

Game seed: 6198136380265241437

10 SeanNever the Poker (level 2, -1/22 HPs)
             Began as a Merfolk Gladiator on Sept 1, 2021.
             Slain by a ball python (2 damage)
             ... on level 1 of the Dungeon.
             The game lasted 00:01:00 (213 turns).

SeanNever the Poker (Merfolk Gladiator)              Turns: 213, Time: 00:01:01

Health: -1/22      AC: 11    Str: 14    XL:     2   Next: 20%
Magic:  2/2        EV:  1    Int:  7    God:
Gold:   12         SH:  0    Dex: 15    Spells: 1/1 levels left

rFire   . . .      SeeInvis .   a - +0 trident
rCold   . . .      Faith    .   (no shield)
rNeg    . . .      Spirit   .   e - +0 plate armour
rPois   .          Reflect  .   c - +0 helmet
rElec   .          Harm     .   (no cloak)
rCorr   .          Rampage  .   (no gloves)
Will    .....                   (no boots)
Stlth   ..........              (no amulet)
HPRegen 0.07/turn               (no ring)
MPRegen 0.08/turn               (no ring)

@: constricted
A: (nimble swimmer 2), mertail
a: no special abilities


You were on level 1 of the Dungeon.
You visited 1 branch of the dungeon, and saw 1 of its levels.

You collected 12 gold pieces.

Inventory:

Hand Weapons
 a - a +0 trident (weapon)
Missiles
 d - 3 throwing nets (quivered)
Armour
 b - a +0 leather armour
 c - a +0 helmet (worn)
 e - a +0 plate armour (worn)
Scrolls
 g - a scroll of identify {unknown}
Potions
 f - a potion of flight {unknown}
 h - a potion of heal wounds {unknown}


   Skills:
 + Level 2.2 Fighting
 + Level 4.9 Polearms
 + Level 2.0 Throwing
 + Level 0.1 Armour
 + Level 4.3 Dodging


You had one spell level left.
You didn't know any spells.
Your spell library was empty.

Dungeon Overview and Level Annotations

Branches:
Dungeon (1/15)

Altars:


Innate Abilities, Weirdness & Mutations

((You are quick and stealthy near water. (Stealth+, EV+, Speed+++)))
Your lower body shifts to a powerful aquatic tail in water.


Message History

The ball python constricts you.
You escape the ball python's grasp.
Found a fuming ruby potion.
The goblin hits you but does no damage. The quokka barely misses you.
The quokka bites you but does no damage.
Found a scroll labelled NAPIDI SALAYD.
The ball python bites you but does no damage.
The ball python grabs you. The ball python constricts you.
You escape the ball python's grasp.
The quokka bites you but does no damage.
The goblin hits you but does no damage. The quokka bites you.
* * * LOW HITPOINT WARNING * * *
The goblin hits you but does no damage.
The ball python bites you but does no damage.
The ball python grabs you. The ball python constricts you.
* * * LOW HITPOINT WARNING * * *
You open the door.
A ball python comes into view.
The ball python hisses angrily.
The ball python bites you but does no damage.
The ball python constricts you. The goblin hits you but does no damage.
The quokka bites you but does no damage.
The ball python bites you but does no damage.
The ball python constricts you.
Found 22 arrows.
You escape the ball python's grasp.
The quokka bites you but does no damage.
The ball python bites you but does no damage.
The ball python grabs you. The ball python constricts you.
There is an open door here.
You closely miss the ball python.
The quokka bites you but does no damage.
The goblin hits you but does no damage. The ball python completely misses you.
The ball python constricts you.
You closely miss the ball python. The quokka bites you.
* * * LOW HITPOINT WARNING * * *
The goblin hits you with a +0 dagger of electrocution.
* * * LOW HITPOINT WARNING * * *
The ball python bites you.
You die...

#####...#..............
#...........###........
##...........#..........
.#......................
.#......................
r#†.....................
...........(............
...............rgS......
..............##@#####..
..............##S#
..##..........##.#
........###... ...
........# #... ...
....####. ?##.#..(.
#.... ......


You could see a quokka, a goblin and 2 ball pythons.

Vanquished Creatures
  4 jackals (D:1)
  3 ball pythons (D:1)
  A bat (D:1)
  2 rats (D:1)
10 creatures vanquished.

Notes
Turn   | Place    | Note
-------+----------+-------------------------------------------
     0 | D:1      | SeanNever the Merfolk Gladiator began the quest for the
                  | Orb.
     0 | D:1      | Reached XP level 1. HP: 16/16 MP: 1/1
   106 | D:1      | Reached XP level 2. HP: 19/22 MP: 2/2
   213 | D:1      | HP: 1/22 [goblin (2)]
   213 | D:1      | Slain by a ball python

Illustrated notes

Levels and vault maps discovered:
D:1:      zelgadis_glass_arrival_small, layout_basic

Action                   || total
-------------------------++-------
Melee: Trident           ||    27
Armor: Plate armour      ||    88
Dodge: Dodged            ||    24

Table legend: (Time is in decaauts)
 A = Elapsed time spent in this place.
 B = Non-inter-level travel time spent in this place.
 C = Inter-level travel time spent in this place.
 D = Time resting spent in this place.
 E = Time spent auto-exploring this place.
 F = Levels seen in this place.
 G = Mean time per level.
                   A        B        C        D        E       F      G
               +--------+--------+--------+--------+--------+-----+--------+
         Total |    214 |    214 |      0 |      0 |      0 |   1 |  214.0 |
       Dungeon |    214 |    214 |      0 |      0 |      0 |   1 |  214.0 |
               +--------+--------+--------+--------+--------+-----+--------+

Top non-repeatable levels by time:
     D:1: 214 daAuts
